Wolfes vs Mulligans
(R1)
Created - November 7, 2020 at 19:22
Goals
|
Wolfes |
1 |
2 |
2 |
5 |
Mulligans |
0 |
2 |
0 |
2 |
|
Shots
|
Wolfes |
14 |
9 |
6 |
29 |
Mulligans |
15 |
9 |
15 |
39 |
|
1st period
1. Wolfes , Martin Hanzal 4 (Joe Morrow 4, Anton Lindholm 3) at 1:52
Penalties :
Valeri Nichushkin (Rep) for Hooking (Minor) at 10:23
2nd period
2. Wolfes , Sebastian Aho 4 (Blake Pietila 9, Joe Morrow 5) at 0:28 (PP)
3. Mulligans , Logan Shaw 5 (Anton Lander 9) at 2:10
4. Wolfes , Kyle Rau 5 (Max Friberg 3, Anton Karlsson 3) at 13:13
5. Mulligans , Sven Baertschi 6 (Darren Dietz 3) at 13:22
Penalties :
Sven Baertschi (Rep) for Hooking (Minor) at 0:11, Jamie Oleksiak (RIM) for Holding (Minor) at 2:32, Dalton Thrower (Rep) for Roughing (Minor) at 7:44
3rd period
6. Wolfes , Max Friberg 3 (Kyle Rau 4, Michael Stone 5) at 1:45
7. Wolfes , Eric Robinson 2 (Benn Ferriero 2, Michael Stone 6) at 8:56
Penalties :
Lawson Crouse (RIM) for Roughing (Minor) at 2:59, Thomas Spelling (RIM) for Checking from behind (Minor) at 5:59, Eric Robinson (RIM) for Hooking (Minor) at 14:04, Darren Dietz (Rep) for Hooking (Minor) at 17:33
Goalie Stats
Ebbe Siönäs (RIM), 37 saves from 39 shots - (0.949), W, 2-1-0, 60:00 minutes
Calvin Pickard (Rep), 24 saves from 29 shots - (0.828), L, 4-3-0, 60:00 minutes
Players Stats for Wolfes
Player Name G A P +/- PIM S H SB GA TA FO MP PP MP PK MP
------------------------------------------------------------------------------------
Alexandre Grenier 0 0 0 0 0 2 1 4 2 0 0/0 14:41 2:29 0:00
Anton Karlsson 0 1 1 2 0 0 1 1 0 0 0/0 13:15 0:00 0:00
Anton Lindholm 0 1 1 2 0 1 0 3 0 1 0/0 19:26 0:00 4:55
Benn Ferriero 0 1 1 1 0 1 1 0 0 1 1/1 13:07 0:18 4:43
Blake Pietila 0 1 1 0 0 2 1 0 0 0 1/3 16:44 3:27 0:59
Damon Severson 0 0 0 -1 0 3 2 0 1 0 0/0 21:02 2:36 3:01
Eric Robinson 1 0 1 1 2 1 0 0 0 0 0/0 8:22 0:18 0:00
Jamie Oleksiak 0 0 0 -1 2 1 2 2 0 0 0/0 19:52 3:38 0:00
Jeffrey Foss 0 0 0 1 0 0 2 1 0 0 0/0 18:04 0:00 3:01
Joe Morrow 0 2 2 2 0 3 0 1 0 0 0/0 18:58 3:38 0:00
Kyle Rau 1 1 2 2 0 3 0 1 1 0 4/7 14:53 0:00 1:33
Lawson Crouse 0 0 0 -1 2 0 2 0 0 0 0/2 16:53 2:26 2:14
Martin Hanzal 1 0 1 -1 0 2 0 1 2 0 8/17 16:18 2:29 1:40
Matthew Highmore 0 0 0 1 0 0 0 1 0 0 2/5 7:45 0:00 0:00
Max Friberg 1 1 2 2 0 3 0 1 0 0 0/0 13:56 0:21 0:00
Michael Stone 0 2 2 1 0 2 2 0 0 0 0/0 22:39 2:36 4:55
Sebastian Aho 1 0 1 0 0 5 0 0 0 1 8/21 20:26 3:27 4:43
Thomas Spelling 0 0 0 -1 2 0 0 0 1 1 0/0 15:39 3:27 0:00
Victor Olofsson 0 0 0 0 0 0 0 0 0 0 0/0 0:00 0:00 0:00
Players Stats for Mulligans
Player Name G A P +/- PIM S H SB GA TA FO MP PP MP PK MP
------------------------------------------------------------------------------------
Anton Lander 0 1 1 0 0 3 2 0 0 1 16/33 20:53 4:16 3:32
Ben Hutton 0 0 0 -1 0 5 0 1 0 2 0/0 26:44 4:35 3:24
Brandon Carlo 0 0 0 -1 0 3 2 2 0 0 0/0 27:29 4:35 4:07
Brett Seney 0 0 0 0 0 3 0 0 0 0 0/0 7:52 0:00 0:00
Christian Wolanin 0 0 0 -1 0 1 2 1 0 0 0/0 12:31 0:00 1:22
Conor Garland 0 0 0 0 0 1 2 0 0 0 0/0 7:52 0:00 0:00
Dalton Thrower 0 0 0 0 2 1 3 1 0 1 0/0 21:33 3:21 1:47
Darren Dietz 0 1 1 0 2 1 1 1 0 0 0/0 20:49 3:21 1:48
Jonny Brodzinski 0 0 0 0 0 2 1 0 0 0 3/4 7:52 0:00 0:00
Joonas Donskoi 0 0 0 -1 0 3 0 0 0 0 0/0 17:13 3:40 0:00
Logan Shaw 1 0 1 0 0 6 6 1 3 1 1/2 20:31 4:16 3:12
Maxime Macenauer 0 0 0 -1 0 3 3 1 1 0 5/7 18:52 3:40 1:39
Reid Boucher 0 0 0 -1 0 0 1 2 0 0 0/0 12:55 0:00 1:33
Robbie Russo 0 0 0 -1 0 1 0 1 0 1 0/0 11:12 0:00 0:00
Robby Fabbri 0 0 0 -1 0 3 0 0 0 0 3/6 11:08 0:04 0:00
Sam Bennett 0 0 0 -1 0 0 4 0 0 1 1/1 17:05 3:36 0:00
Sven Baertschi 1 0 1 0 2 1 2 1 0 0 3/3 20:12 4:16 2:32
Valeri Nichushkin 0 0 0 -1 2 2 0 2 0 0 0/0 10:59 0:00 0:00
3 Stars
1 - Max Friberg (RIM)
2 - Kyle Rau (RIM)
3 - Ebbe Siönäs (RIM)
Power Play
Wolfes - 1 on 4 Attempt(s) - 25.00%
Mulligans - 0 on 4 Attempt(s) - 0.00%
Penalty Kill
Wolfes - 4 on 4 Attempt(s) - 100.00%
- Score 0 goal in Penalty Kill
Mulligans - 3 on 4 Attempt(s) - 75.00%
- Score 0 goal in Penalty Kill
Team Stat
Wolfes - Hits : 14 - Faceoff Wins : 24 - Blocked Shots : 16 - Penalty Minutes : 8
Mulligans - Hits : 29 - Faceoff Wins : 32 - Blocked Shots : 14 - Penalty Minutes : 8
Official
Referees : Unknown
Linesman : Unknown
Game Notes
No Game Note
Finance
Level 1 -- Attendance: 2000 (100.00%) -- Ticket Income $38,000
Level 2 -- Attendance: 1000 (100.00%) -- Ticket Income $9,000
Total Attendance: 3000 (100.00%)
Total Ticket Income: $47,000
Other Income: $2,350
Total Income: $49,350
Wolfes
5 vs 5 Forward
Center Left Wing Right Wing Time % Phy DF OF
1 Martin Hanzal Lawson Crouse Thomas Spelling 31 1 2 2
2 Sebastian Aho Blake Pietila Alexandre Grenier 30 1 2 2
3 Kyle Rau Anton Karlsson Max Friberg 25 1 2 2
4 Matthew Highmore Eric Robinson Benn Ferriero 14 1 2 2
5 vs 5 Defense
Defense Defense Time % Phy DF OF
1 Jamie Oleksiak Damon Severson 35 1 2 2
2 Jeffrey Foss Michael Stone 35 1 2 2
3 Anton Lindholm Joe Morrow 30 1 2 2
4 Jamie Oleksiak Michael Stone 0 1 2 2
PowerPlay Forward
Center Left Wing Right Wing Time % Phy DF OF
1 Sebastian Aho Blake Pietila Thomas Spelling 60 1 2 2
2 Martin Hanzal Lawson Crouse Alexandre Grenier 40 1 2 2
PowerPlay Defense
Defense Defense Time % Phy DF OF
1 Jamie Oleksiak Joe Morrow 60 1 2 2
2 Damon Severson Michael Stone 40 1 2 2
Penalty Kill 4 Players Forward
Center Wing Time % Phy DF OF
1 Sebastian Aho Benn Ferriero 60 1 2 2
2 Martin Hanzal Lawson Crouse 40 1 2 2
Penalty Kill 4 Players Defense
Defense Defense Time % Phy DF OF
1 Michael Stone Anton Lindholm 60 1 2 2
2 Jeffrey Foss Damon Severson 40 1 2 2
Penalty Kill - 3 Players Forward
Forward Time % Phy DF OF
1 Martin Hanzal 60 1 2 2
2 Alexandre Grenier 40 1 2 2
Penalty Kill - 3 Players Defense
Defense Defense Time % Phy DF OF
1 Jamie Oleksiak Anton Lindholm 60 1 2 2
2 Michael Stone Damon Severson 40 1 2 2
4 vs 4 Forward
Center Wing Time % Phy DF OF
1 Alexandre Grenier Sebastian Aho 60 1 2 2
2 Blake Pietila Benn Ferriero 40 1 2 2
4 vs 4 Defense
Defense Defense Time % Phy DF OF
1 Jamie Oleksiak Michael Stone 60 1 2 2
2 Damon Severson Joe Morrow 40 1 2 2
Last Minutes Offensive
Center Left Wing Right Wing Defense Defense
Sebastian Aho Lawson Crouse Alexandre Grenier Jamie Oleksiak Michael Stone
Last Minutes Defensive
Center Left Wing Right Wing Defense Defense
Martin Hanzal Blake Pietila Max Friberg Anton Lindholm Damon Severson
Goaltenders
Starting : Ebbe Siönäs
Backup : Laurent Brossoit
Extra Forwards
Normal : Matthew Highmore, Eric Robinson, Max Friberg - PP : Sebastian Aho, Max Friberg - PK : Benn Ferriero
Extra Defensemen
Normal : Damon Severson, Michael Stone, Joe Morrow - PP : Anton Lindholm - PK : Jamie Oleksiak, Jeffrey Foss
Penalty Shots
Sebastian Aho, Lawson Crouse, Benn Ferriero, Max Friberg, Kyle Rau
Scratches
Jakub Zboril (Healthy), Kevin Stenlund (Healthy), Zachary Senyshyn (Healthy), Louis Belpedio (Healthy), Cameron Darcy (Healthy)
Fredrik Olofsson (Healthy), Nolan Vesey (Healthy), Vaclav Karabacek (Healthy), Kyle Pettit (Healthy), Dylan Sadowy (Healthy)
Mulligans
5 vs 5 Forward
Center Left Wing Right Wing Time % Phy DF OF
1 Anton Lander Sven Baertschi Logan Shaw 40 1 2 2
2 Maxime Macenauer Sam Bennett Joonas Donskoi 30 1 2 2
3 Robby Fabbri Reid Boucher Valeri Nichushkin 20 1 2 2
4 Jonny Brodzinski Brett Seney Conor Garland 10 1 2 2
5 vs 5 Defense
Defense Defense Time % Phy DF OF
1 Ben Hutton Brandon Carlo 40 1 2 2
2 Darren Dietz Dalton Thrower 30 1 2 2
3 Robbie Russo Christian Wolanin 20 1 2 2
4 Ben Hutton Brandon Carlo 10 1 2 2
PowerPlay Forward
Center Left Wing Right Wing Time % Phy DF OF
1 Anton Lander Sven Baertschi Logan Shaw 60 1 2 2
2 Maxime Macenauer Sam Bennett Joonas Donskoi 40 1 2 2
PowerPlay Defense
Defense Defense Time % Phy DF OF
1 Ben Hutton Brandon Carlo 60 1 2 2
2 Darren Dietz Dalton Thrower 40 1 2 2
Penalty Kill 4 Players Forward
Center Wing Time % Phy DF OF
1 Anton Lander Logan Shaw 60 1 2 2
2 Maxime Macenauer Sven Baertschi 40 1 2 2
Penalty Kill 4 Players Defense
Defense Defense Time % Phy DF OF
1 Ben Hutton Brandon Carlo 60 1 2 2
2 Darren Dietz Dalton Thrower 40 1 2 2
Penalty Kill - 3 Players Forward
Forward Time % Phy DF OF
1 Anton Lander 60 1 2 2
2 Logan Shaw 40 1 2 2
Penalty Kill - 3 Players Defense
Defense Defense Time % Phy DF OF
1 Ben Hutton Brandon Carlo 60 1 2 2
2 Darren Dietz Dalton Thrower 40 1 2 2
4 vs 4 Forward
Center Wing Time % Phy DF OF
1 Anton Lander Logan Shaw 60 1 2 2
2 Maxime Macenauer Sven Baertschi 40 1 2 2
4 vs 4 Defense
Defense Defense Time % Phy DF OF
1 Ben Hutton Brandon Carlo 60 1 2 2
2 Darren Dietz Dalton Thrower 40 1 2 2
Last Minutes Offensive
Center Left Wing Right Wing Defense Defense
Anton Lander Sven Baertschi Logan Shaw Ben Hutton Brandon Carlo
Last Minutes Defensive
Center Left Wing Right Wing Defense Defense
Anton Lander Sven Baertschi Logan Shaw Ben Hutton Brandon Carlo
Goaltenders
Starting : Calvin Pickard
Backup : Juuse Saros
Extra Forwards
Normal : Robby Fabbri, Valeri Nichushkin, Reid Boucher - PP : Robby Fabbri, Valeri Nichushkin - PK : Reid Boucher
Extra Defensemen
Normal : Robbie Russo, Christian Wolanin, Darren Dietz - PP : Robbie Russo - PK : Christian Wolanin, Darren Dietz
Penalty Shots
Anton Lander, Logan Shaw, Maxime Macenauer, Sven Baertschi, Joonas Donskoi
Scratches
Ilya Lyubushkin (Healthy), Cristiano Digiacinto (Healthy)
% Time on Ice - Wolfes
Lines # - Real PCT - Wanted PCT - Time Play
Normal Forward
1 - 28% - 31% - 12:38
2 - 27% - 30% - 12:12
3 - 29% - 25% - 13:15
4 - 17% - 14% - 7:45
Normal Defense
1 - 31% - 35% - 14:19
2 - 33% - 35% - 15:06
3 - 33% - 30% - 15:05
4 - 3% - 0% - 1:20
PP Forward
1 - 60% - 60% - 3:45
2 - 40% - 40% - 2:29
PP Defense
1 - 58% - 60% - 3:38
2 - 42% - 40% - 2:36
PK Forward
1 - 79% - 60% - 6:16
2 - 21% - 40% - 1:40
PK Defense
1 - 62% - 60% - 4:55
2 - 38% - 40% - 3:01
PK3 Forward
1 - 0% - 60%
2 - 0% - 40%
PK3 Defense
1 - 0% - 60%
2 - 0% - 40%
44 Forward
1 - 0% - 60%
2 - 0% - 40%
44 Defense
1 - 0% - 60%
2 - 0% - 40%
Last Minute Offensive - 0:00
Last Minute Defensive - 0:00
Total
Forward - 60:00
Defense - 60:00
|
% Time on Ice - Mulligans
Lines # - Real PCT - Wanted PCT - Time Play
Normal Forward
1 - 29% - 40% - 13:25
2 - 30% - 30% - 13:33
3 - 24% - 20% - 11:00
4 - 17% - 10% - 7:52
Normal Defense
1 - 38% - 40% - 17:17
2 - 36% - 30% - 16:17
3 - 24% - 20% - 11:10
4 - 2% - 10% - 1:06
PP Forward
1 - 54% - 60% - 4:16
2 - 46% - 40% - 3:40
PP Defense
1 - 58% - 60% - 4:35
2 - 42% - 40% - 3:21
PK Forward
1 - 74% - 60% - 4:35
2 - 26% - 40% - 1:39
PK Defense
1 - 53% - 60% - 3:17
2 - 47% - 40% - 2:57
PK3 Forward
1 - 0% - 60%
2 - 0% - 40%
PK3 Defense
1 - 0% - 60%
2 - 0% - 40%
44 Forward
1 - 0% - 60%
2 - 0% - 40%
44 Defense
1 - 0% - 60%
2 - 0% - 40%
Last Minute Offensive - 0:00
Last Minute Defensive - 0:00
Total
Forward - 60:00
Defense - 60:00
|
Play-by-Play
1st period
0:01 of 1st period - Anton Lander wins face-off versus Martin Hanzal in neutral zone.
0:36 of 1st period - Wrist shot by Maxime Macenauer.
0:36 of 1st period - Stopped by Ebbe Siönäs with a rebound.
0:38 of 1st period - Snap shot by Sam Bennett.
0:38 of 1st period - Shot Blocked by Alexandre Grenier.
0:52 of 1st period - Snap shot by Max Friberg.
0:52 of 1st period - Deflect By Dalton Thrower.
0:52 of 1st period - Stopped by Calvin Pickard with a rebound.
1:05 of 1st period - Icing by Darren Dietz.
1:06 of 1st period - Jonny Brodzinski wins face-off versus Matthew Highmore in Mulligans zone.
1:33 of 1st period - Snap shot by Brett Seney.
1:33 of 1st period - Stopped by Ebbe Siönäs without a rebound.
1:34 of 1st period - Martin Hanzal wins face-off versus Anton Lander in Wolfes zone.
1:52 of 1st period - Snap shot by Martin Hanzal.
1:52 of 1st period - Goal by Martin Hanzal - Wolfes : 1 - Mulligans : 0.
1:53 of 1st period - Maxime Macenauer wins face-off versus Blake Pietila in neutral zone.
2:06 of 1st period - Snap shot by Alexandre Grenier.
2:06 of 1st period - Stopped by Calvin Pickard with a rebound.
2:08 of 1st period - Slapshot by Anton Lindholm.
2:08 of 1st period - Stopped by Calvin Pickard without a rebound.
2:09 of 1st period - Kyle Rau wins face-off versus Robby Fabbri in Mulligans zone.
2:10 of 1st period - Snap shot by Max Friberg.
2:10 of 1st period - Stopped by Calvin Pickard without a rebound.
2:11 of 1st period - Kyle Rau wins face-off versus Robby Fabbri in Mulligans zone.
2:56 of 1st period - Snap shot by Maxime Macenauer.
2:56 of 1st period - Stopped by Ebbe Siönäs with a rebound.
2:58 of 1st period - Slapshot by Brandon Carlo.
2:58 of 1st period - Stopped by Ebbe Siönäs with a rebound.
3:00 of 1st period - Snap shot by Joonas Donskoi.
3:00 of 1st period - Shot Misses the Net.
3:43 of 1st period - Off-side.
3:44 of 1st period - Anton Lander wins face-off versus Sebastian Aho in neutral zone.
4:09 of 1st period - Robbie Russo is hit by Michael Stone and loses puck.
4:38 of 1st period - Michael Stone is hit by Reid Boucher and loses puck.
5:22 of 1st period - Snap shot by Jonny Brodzinski.
5:22 of 1st period - Stopped by Ebbe Siönäs with a rebound.
5:41 of 1st period - Backhand shot by Joonas Donskoi.
5:41 of 1st period - Stopped by Ebbe Siönäs with a rebound.
5:53 of 1st period - Brandon Carlo is hit by Damon Severson and loses puck.
6:07 of 1st period - Off-side.
6:08 of 1st period - Matthew Highmore wins face-off versus Logan Shaw in neutral zone.
6:15 of 1st period - Wrist shot by Eric Robinson.
6:15 of 1st period - Shot Misses the Net.
6:17 of 1st period - Slapshot by Joe Morrow.
6:17 of 1st period - Stopped by Calvin Pickard without a rebound.
6:18 of 1st period - Anton Lander wins face-off versus Sebastian Aho in Mulligans zone.
6:27 of 1st period - Alexandre Grenier is hit by Logan Shaw.
7:14 of 1st period - Slapshot by Christian Wolanin.
7:14 of 1st period - Deflect By Jonny Brodzinski.
7:14 of 1st period - Shot Misses the Net.
7:14 of 1st period - Puck is out of play.
7:15 of 1st period - Kyle Rau wins face-off versus Anton Lander in Wolfes zone.
8:01 of 1st period - Damon Severson is hit by Conor Garland and loses puck.
8:08 of 1st period - Snap shot by Ben Hutton.
8:08 of 1st period - Shot Misses the Net.
8:10 of 1st period - Wrist shot by Ben Hutton.
8:10 of 1st period - Shot Misses the Net.
8:12 of 1st period - Snap shot by Ben Hutton.
8:12 of 1st period - Shot Blocked by Jamie Oleksiak.
8:24 of 1st period - Snap shot by Lawson Crouse.
8:24 of 1st period - Shot Misses the Net.
8:32 of 1st period - Snap shot by Reid Boucher.
8:32 of 1st period - Shot Misses the Net.
9:05 of 1st period - Off-side.
9:06 of 1st period - Maxime Macenauer wins face-off versus Blake Pietila in neutral zone.
9:10 of 1st period - Icing by Blake Pietila.
9:11 of 1st period - Maxime Macenauer wins face-off versus Sebastian Aho in Wolfes zone.
9:30 of 1st period - Snap shot by Alexandre Grenier.
9:30 of 1st period - Shot Misses the Net.
9:32 of 1st period - Wrist shot by Michael Stone.
9:32 of 1st period - Shot Blocked by Christian Wolanin.
9:50 of 1st period - Slapshot by Blake Pietila.
9:50 of 1st period - Shot Misses the Net.
9:52 of 1st period - Backhand shot by Michael Stone.
9:52 of 1st period - Stopped by Calvin Pickard with a rebound.
9:54 of 1st period - Slapshot by Michael Stone.
9:54 of 1st period - Shot Misses the Net.
9:56 of 1st period - Snap shot by Sebastian Aho.
9:56 of 1st period - Stopped by Calvin Pickard without a rebound.
9:57 of 1st period - Martin Hanzal wins face-off versus Anton Lander in Mulligans zone.
10:06 of 1st period - Snap shot by Thomas Spelling.
10:06 of 1st period - Shot Misses the Net.
10:08 of 1st period - Slapshot by Anton Lindholm.
10:08 of 1st period - Shot Blocked by Ben Hutton.
10:10 of 1st period - Wrist shot by Martin Hanzal.
10:10 of 1st period - Stopped by Calvin Pickard with a rebound.
10:12 of 1st period - Slapshot by Joe Morrow.
10:12 of 1st period - Stopped by Calvin Pickard with a rebound.
10:23 of 1st period - Minor Penalty to Valeri Nichushkin for Hooking.
10:24 of 1st period - Sebastian Aho wins face-off versus Anton Lander in Mulligans zone.
10:37 of 1st period - Snap shot by Logan Shaw.
10:37 of 1st period - Stopped by Ebbe Siönäs with a rebound.
10:39 of 1st period - Slapshot by Brandon Carlo.
10:39 of 1st period - Deflect By Anton Lander.
10:39 of 1st period - Stopped by Ebbe Siönäs without a rebound.
10:40 of 1st period - Sebastian Aho wins face-off versus Anton Lander in Wolfes zone.
10:53 of 1st period - Anton Lander is hit by Blake Pietila and loses puck.
11:00 of 1st period - Jamie Oleksiak is hit by Logan Shaw and loses puck.
11:38 of 1st period - Dalton Thrower is hit by Lawson Crouse.
12:23 of 1st period - Penalty to Valeri Nichushkin is over, Valeri Nichushkin is back on ice.
12:31 of 1st period - Icing by Jonny Brodzinski.
12:32 of 1st period - Jonny Brodzinski wins face-off versus Kyle Rau in Mulligans zone.
12:37 of 1st period - Wrist shot by Jonny Brodzinski.
12:37 of 1st period - Stopped by Ebbe Siönäs with a rebound.
12:39 of 1st period - Snap shot by Robbie Russo.
12:39 of 1st period - Deflect By Max Friberg.
12:39 of 1st period - Stopped by Ebbe Siönäs with a rebound.
12:41 of 1st period - Snap shot by Brett Seney.
12:41 of 1st period - Shot Misses the Net.
12:43 of 1st period - Slapshot by Conor Garland.
12:43 of 1st period - Deflect By Anton Lindholm.
12:43 of 1st period - Shot Blocked by Anton Lindholm.
12:43 of 1st period - Puck is out of play.
12:44 of 1st period - Kyle Rau wins face-off versus Maxime Macenauer in Wolfes zone.
13:36 of 1st period - Snap shot by Blake Pietila.
13:36 of 1st period - Shot Blocked by Dalton Thrower.
13:42 of 1st period - Wrist shot by Blake Pietila.
13:42 of 1st period - Deflect By Sebastian Aho.
13:42 of 1st period - Stopped by Calvin Pickard with a rebound.
13:52 of 1st period - Joe Morrow is hit by Dalton Thrower and loses puck.
14:34 of 1st period - Jamie Oleksiak is hit by Sven Baertschi and loses puck.
14:39 of 1st period - Snap shot by Logan Shaw.
14:39 of 1st period - Stopped by Ebbe Siönäs without a rebound.
14:40 of 1st period - Anton Lander wins face-off versus Lawson Crouse in Wolfes zone.
15:31 of 1st period - Snap shot by Robby Fabbri.
15:31 of 1st period - Stopped by Ebbe Siönäs with a rebound.
15:33 of 1st period - Snap shot by Ben Hutton.
15:33 of 1st period - Stopped by Ebbe Siönäs with a rebound.
15:35 of 1st period - Wrist shot by Robby Fabbri.
15:35 of 1st period - Shot Hit the Post.
15:51 of 1st period - Slapshot by Jamie Oleksiak.
15:51 of 1st period - Stopped by Calvin Pickard without a rebound.
15:52 of 1st period - Martin Hanzal wins face-off versus Anton Lander in Mulligans zone.
16:05 of 1st period - Wrist shot by Logan Shaw.
16:05 of 1st period - Stopped by Ebbe Siönäs with a rebound.
16:07 of 1st period - Snap shot by Anton Lander.
16:07 of 1st period - Shot Blocked by Martin Hanzal.
16:17 of 1st period - Sebastian Aho is hit by Sam Bennett and loses puck.
16:28 of 1st period - Alexandre Grenier is hit by Maxime Macenauer and loses puck.
17:10 of 1st period - Slapshot by Ben Hutton.
17:10 of 1st period - Stopped by Ebbe Siönäs without a rebound.
17:11 of 1st period - Anton Lander wins face-off versus Martin Hanzal in Wolfes zone.
18:06 of 1st period - Snap shot by Max Friberg.
18:06 of 1st period - Shot Blocked by Reid Boucher.
18:08 of 1st period - Slapshot by Damon Severson.
18:08 of 1st period - Stopped by Calvin Pickard with a rebound.
18:10 of 1st period - Backhand shot by Anton Karlsson.
18:10 of 1st period - Shot Misses the Net.
18:20 of 1st period - Michael Stone is hit by Dalton Thrower and loses puck.
19:22 of 1st period - Snap shot by Joonas Donskoi.
19:22 of 1st period - Shot Misses the Net.
19:24 of 1st period - Snap shot by Sam Bennett.
19:24 of 1st period - Shot Misses the Net.
19:50 of 1st period - Slapshot by Michael Stone.
19:50 of 1st period - Stopped by Calvin Pickard with a rebound.
Goals for this period are 1 for Wolfes vs 0 for Mulligans.
Shots for this period are 14 for Wolfes vs 15 for Mulligans.
2nd period
0:01 of 2nd period - Anton Lander wins face-off versus Lawson Crouse in neutral zone.
0:11 of 2nd period - Minor Penalty to Sven Baertschi for Hooking.
0:12 of 2nd period - Anton Lander wins face-off versus Sebastian Aho in Mulligans zone.
0:28 of 2nd period - Snap shot by Sebastian Aho.
0:28 of 2nd period - Goal by Sebastian Aho - Wolfes : 2 - Mulligans : 0.
0:29 of 2nd period - Martin Hanzal wins face-off versus Anton Lander in neutral zone.
0:32 of 2nd period - Slapshot by Joe Morrow.
0:32 of 2nd period - Stopped by Calvin Pickard without a rebound.
0:33 of 2nd period - Anton Lander wins face-off versus Martin Hanzal in Mulligans zone.
1:04 of 2nd period - Wrist shot by Logan Shaw.
1:04 of 2nd period - Shot Blocked by Anton Lindholm.
1:06 of 2nd period - Snap shot by Sam Bennett.
1:06 of 2nd period - Shot Misses the Net.
1:24 of 2nd period - Wrist shot by Valeri Nichushkin.
1:24 of 2nd period - Stopped by Ebbe Siönäs with a rebound.
1:26 of 2nd period - Slapshot by Dalton Thrower.
1:26 of 2nd period - Shot Blocked by Joe Morrow.
1:42 of 2nd period - Anton Lindholm is hit by Jonny Brodzinski and loses puck.
1:53 of 2nd period - Anton Lindholm is hit by Conor Garland and loses puck.
2:08 of 2nd period - Wrist shot by Logan Shaw.
2:08 of 2nd period - Stopped by Ebbe Siönäs with a rebound.
2:10 of 2nd period - Snap shot by Logan Shaw.
2:10 of 2nd period - Goal by Logan Shaw - Wolfes : 2 - Mulligans : 1.
2:11 of 2nd period - Sebastian Aho wins face-off versus Anton Lander in neutral zone.
2:14 of 2nd period - Backhand shot by Alexandre Grenier.
2:14 of 2nd period - Shot Blocked by Logan Shaw.
2:32 of 2nd period - Minor Penalty to Jamie Oleksiak for Holding.
2:33 of 2nd period - Anton Lander wins face-off versus Sebastian Aho in Wolfes zone.
2:36 of 2nd period - Wrist shot by Anton Lander.
2:36 of 2nd period - Stopped by Ebbe Siönäs without a rebound.
2:37 of 2nd period - Anton Lander wins face-off versus Sebastian Aho in Wolfes zone.
2:50 of 2nd period - Wrist shot by Logan Shaw.
2:50 of 2nd period - Shot Misses the Net.
3:03 of 2nd period - Off-side.
3:04 of 2nd period - Maxime Macenauer wins face-off versus Sebastian Aho in neutral zone.
3:15 of 2nd period - Backhand shot by Maxime Macenauer.
3:15 of 2nd period - Stopped by Ebbe Siönäs with a rebound.
3:17 of 2nd period - Slapshot by Darren Dietz.
3:17 of 2nd period - Stopped by Ebbe Siönäs with a rebound.
3:19 of 2nd period - Slapshot by Dalton Thrower.
3:19 of 2nd period - Stopped by Ebbe Siönäs without a rebound.
3:20 of 2nd period - Sebastian Aho wins face-off versus Anton Lander in Wolfes zone.
3:45 of 2nd period - Benn Ferriero is hit by Maxime Macenauer and loses puck.
4:32 of 2nd period - Penalty to Jamie Oleksiak is over, Jamie Oleksiak is back on ice.
4:54 of 2nd period - Off-side.
4:55 of 2nd period - Sebastian Aho wins face-off versus Jonny Brodzinski in neutral zone.
5:32 of 2nd period - Michael Stone is hit by Dalton Thrower.
5:39 of 2nd period - Icing by Michael Stone.
5:40 of 2nd period - Sven Baertschi wins face-off versus Matthew Highmore in Wolfes zone.
6:12 of 2nd period - Lawson Crouse is hit by Brandon Carlo and loses puck.
6:32 of 2nd period - Wrist shot by Blake Pietila.
6:32 of 2nd period - Stopped by Calvin Pickard with a rebound.
6:34 of 2nd period - Wrist shot by Sebastian Aho.
6:34 of 2nd period - Stopped by Calvin Pickard with a rebound.
6:40 of 2nd period - Wrist shot by Sebastian Aho.
6:40 of 2nd period - Shot Misses the Net.
7:44 of 2nd period - Minor Penalty to Dalton Thrower for Roughing.
7:45 of 2nd period - Logan Shaw wins face-off versus Sebastian Aho in Mulligans zone.
7:58 of 2nd period - Snap shot by Blake Pietila.
7:58 of 2nd period - Shot Blocked by Brandon Carlo.
8:36 of 2nd period - Maxime Macenauer is hit by Jamie Oleksiak.
8:58 of 2nd period - Blake Pietila is hit by Christian Wolanin and loses puck.
9:44 of 2nd period - Penalty to Dalton Thrower is over, Dalton Thrower is back on ice.
9:46 of 2nd period - Dalton Thrower is hit by Jamie Oleksiak and loses puck.
9:59 of 2nd period - Snap shot by Joonas Donskoi.
9:59 of 2nd period - Shot Misses the Net.
10:19 of 2nd period - Wrist shot by Jonny Brodzinski.
10:19 of 2nd period - Shot Blocked by Kyle Rau.
10:21 of 2nd period - Wrist shot by Brett Seney.
10:21 of 2nd period - Shot Misses the Net.
12:02 of 2nd period - Darren Dietz is hit by Anton Karlsson and loses puck.
12:11 of 2nd period - Snap shot by Max Friberg.
12:11 of 2nd period - Shot Blocked by Robbie Russo.
12:25 of 2nd period - Joe Morrow is hit by Christian Wolanin and loses puck.
12:30 of 2nd period - Slapshot by Ben Hutton.
12:30 of 2nd period - Shot Blocked by Anton Karlsson.
12:42 of 2nd period - Anton Karlsson is hit by Sam Bennett and loses puck.
13:07 of 2nd period - Slapshot by Max Friberg.
13:07 of 2nd period - Shot Misses the Net.
13:09 of 2nd period - Snap shot by Anton Karlsson.
13:09 of 2nd period - Shot Misses the Net.
13:11 of 2nd period - Slapshot by Max Friberg.
13:11 of 2nd period - Shot Blocked by Brandon Carlo.
13:13 of 2nd period - Snap shot by Kyle Rau.
13:13 of 2nd period - Goal by Kyle Rau - Wolfes : 3 - Mulligans : 1.
13:14 of 2nd period - Sven Baertschi wins face-off versus Martin Hanzal in neutral zone.
13:17 of 2nd period - Thomas Spelling is hit by Anton Lander and loses puck.
13:22 of 2nd period - Snap shot by Sven Baertschi.
13:22 of 2nd period - Goal by Sven Baertschi - Wolfes : 3 - Mulligans : 2.
13:23 of 2nd period - Sebastian Aho wins face-off versus Anton Lander in neutral zone.
13:38 of 2nd period - Snap shot by Logan Shaw.
13:38 of 2nd period - Shot Blocked by Alexandre Grenier.
13:48 of 2nd period - Robby Fabbri is hit by Lawson Crouse and loses puck.
14:38 of 2nd period - Snap shot by Blake Pietila.
14:38 of 2nd period - Stopped by Calvin Pickard without a rebound.
14:39 of 2nd period - Blake Pietila wins face-off versus Anton Lander in Mulligans zone.
15:06 of 2nd period - Snap shot by Sebastian Aho.
15:06 of 2nd period - Stopped by Calvin Pickard without a rebound.
15:07 of 2nd period - Robby Fabbri wins face-off versus Martin Hanzal in Mulligans zone.
15:12 of 2nd period - Snap shot by Valeri Nichushkin.
15:12 of 2nd period - Shot Misses the Net.
16:40 of 2nd period - Reid Boucher is hit by Michael Stone and loses puck.
17:03 of 2nd period - Snap shot by Blake Pietila.
17:03 of 2nd period - Shot Blocked by Sven Baertschi.
17:37 of 2nd period - Slapshot by Joonas Donskoi.
17:37 of 2nd period - Shot Misses the Net.
17:49 of 2nd period - Slapshot by Dalton Thrower.
17:49 of 2nd period - Deflect By Reid Boucher.
17:49 of 2nd period - Shot Blocked by Max Friberg.
17:49 of 2nd period - Puck is out of play.
17:50 of 2nd period - Robby Fabbri wins face-off versus Kyle Rau in Wolfes zone.
18:17 of 2nd period - Joe Morrow is hit by Sven Baertschi and loses puck.
18:40 of 2nd period - Anton Lindholm is hit by Maxime Macenauer and loses puck.
18:53 of 2nd period - Snap shot by Robby Fabbri.
18:53 of 2nd period - Shot Blocked by Alexandre Grenier.
18:55 of 2nd period - Wrist shot by Reid Boucher.
18:55 of 2nd period - Shot Misses the Net.
18:57 of 2nd period - Snap shot by Valeri Nichushkin.
18:57 of 2nd period - Stopped by Ebbe Siönäs with a rebound.
19:13 of 2nd period - Wrist shot by Blake Pietila.
19:13 of 2nd period - Shot Blocked by Valeri Nichushkin.
19:15 of 2nd period - Snap shot by Alexandre Grenier.
19:15 of 2nd period - Stopped by Calvin Pickard without a rebound.
19:16 of 2nd period - Martin Hanzal wins face-off versus Anton Lander in Mulligans zone.
19:16 of 2nd period - Martin Hanzal is hit by Logan Shaw.
19:41 of 2nd period - Snap shot by Kyle Rau.
19:41 of 2nd period - Stopped by Calvin Pickard with a rebound.
19:46 of 2nd period - Dalton Thrower is hit by Jeffrey Foss and loses puck.
Goals for this period are 2 for Wolfes vs 2 for Mulligans.
Shots for this period are 9 for Wolfes vs 9 for Mulligans.
3rd period
0:01 of 3rd period - Anton Lander wins face-off versus Martin Hanzal in neutral zone.
0:08 of 3rd period - Snap shot by Anton Lander.
0:08 of 3rd period - Shot Misses the Net.
0:12 of 3rd period - Snap shot by Logan Shaw.
0:12 of 3rd period - Stopped by Ebbe Siönäs with a rebound.
0:14 of 3rd period - Slapshot by Brandon Carlo.
0:14 of 3rd period - Stopped by Ebbe Siönäs with a rebound.
0:32 of 3rd period - Wrist shot by Blake Pietila.
0:32 of 3rd period - Shot Misses the Net.
0:48 of 3rd period - Slapshot by Jamie Oleksiak.
0:48 of 3rd period - Deflect By Max Friberg.
0:48 of 3rd period - Shot Misses the Net.
0:48 of 3rd period - Puck is out of play.
0:49 of 3rd period - Robby Fabbri wins face-off versus Kyle Rau in Mulligans zone.
1:22 of 3rd period - Valeri Nichushkin is hit by Jeffrey Foss and loses puck.
1:33 of 3rd period - Wrist shot by Max Friberg.
1:33 of 3rd period - Shot Blocked by Darren Dietz.
1:35 of 3rd period - Slapshot by Michael Stone.
1:35 of 3rd period - Shot Misses the Net.
1:37 of 3rd period - Backhand shot by Kyle Rau.
1:37 of 3rd period - Shot Misses the Net.
1:39 of 3rd period - Snap shot by Kyle Rau.
1:39 of 3rd period - Shot Misses the Net.
1:41 of 3rd period - Snap shot by Max Friberg.
1:41 of 3rd period - Shot Blocked by Valeri Nichushkin.
1:43 of 3rd period - Snap shot by Kyle Rau.
1:43 of 3rd period - Shot Blocked by Reid Boucher.
1:45 of 3rd period - Wrist shot by Max Friberg.
1:45 of 3rd period - Goal by Max Friberg - Wolfes : 4 - Mulligans : 2.
1:46 of 3rd period - Martin Hanzal wins face-off versus Anton Lander in neutral zone.
2:11 of 3rd period - Brandon Carlo is hit by Damon Severson and loses puck.
2:36 of 3rd period - Slapshot by Ben Hutton.
2:36 of 3rd period - Deflect By Blake Pietila.
2:36 of 3rd period - Stopped by Ebbe Siönäs without a rebound.
2:37 of 3rd period - Maxime Macenauer wins face-off versus Sebastian Aho in Wolfes zone.
2:59 of 3rd period - Minor Penalty to Lawson Crouse for Roughing.
3:00 of 3rd period - Anton Lander wins face-off versus Sebastian Aho in Wolfes zone.
3:13 of 3rd period - Snap shot by Logan Shaw.
3:13 of 3rd period - Shot Blocked by Anton Lindholm.
3:15 of 3rd period - Wrist shot by Logan Shaw.
3:15 of 3rd period - Shot Misses the Net.
3:31 of 3rd period - Snap shot by Ben Hutton.
3:31 of 3rd period - Shot Misses the Net.
3:33 of 3rd period - Slapshot by Ben Hutton.
3:33 of 3rd period - Deflect By Joonas Donskoi.
3:33 of 3rd period - Stopped by Ebbe Siönäs with a rebound.
3:35 of 3rd period - Slapshot by Brandon Carlo.
3:35 of 3rd period - Stopped by Ebbe Siönäs without a rebound.
3:36 of 3rd period - Sebastian Aho wins face-off versus Anton Lander in Wolfes zone.
4:13 of 3rd period - Snap shot by Maxime Macenauer.
4:13 of 3rd period - Deflect By Joonas Donskoi.
4:13 of 3rd period - Shot Misses the Net.
4:13 of 3rd period - Puck is out of play.
4:14 of 3rd period - Benn Ferriero wins face-off versus Anton Lander in Wolfes zone.
4:14 of 3rd period - Benn Ferriero is hit by Logan Shaw.
4:59 of 3rd period - Penalty to Lawson Crouse is over, Lawson Crouse is back on ice.
5:42 of 3rd period - Wrist shot by Max Friberg.
5:42 of 3rd period - Shot Misses the Net.
5:46 of 3rd period - Slapshot by Kyle Rau.
5:46 of 3rd period - Stopped by Calvin Pickard without a rebound.
5:47 of 3rd period - Sven Baertschi wins face-off versus Martin Hanzal in Mulligans zone.
5:59 of 3rd period - Minor Penalty to Thomas Spelling for Checking from behind.
6:00 of 3rd period - Anton Lander wins face-off versus Sebastian Aho in Wolfes zone.
6:02 of 3rd period - Snap shot by Anton Lander.
6:02 of 3rd period - Stopped by Ebbe Siönäs without a rebound.
6:03 of 3rd period - Anton Lander wins face-off versus Sebastian Aho in Wolfes zone.
6:04 of 3rd period - Wrist shot by Logan Shaw.
6:04 of 3rd period - Shot Misses the Net.
6:52 of 3rd period - Benn Ferriero is hit by Logan Shaw and loses puck.
7:59 of 3rd period - Penalty to Thomas Spelling is over, Thomas Spelling is back on ice.
8:05 of 3rd period - Max Friberg is hit by Darren Dietz and loses puck.
8:10 of 3rd period - Snap shot by Valeri Nichushkin.
8:10 of 3rd period - Deflect By Robby Fabbri.
8:10 of 3rd period - Stopped by Ebbe Siönäs without a rebound.
8:11 of 3rd period - Martin Hanzal wins face-off versus Robby Fabbri in Wolfes zone.
8:16 of 3rd period - Slapshot by Damon Severson.
8:16 of 3rd period - Stopped by Calvin Pickard with a rebound.
8:54 of 3rd period - Snap shot by Benn Ferriero.
8:54 of 3rd period - Stopped by Calvin Pickard with a rebound.
8:56 of 3rd period - Snap shot by Eric Robinson.
8:56 of 3rd period - Goal by Eric Robinson - Wolfes : 5 - Mulligans : 2.
8:57 of 3rd period - Martin Hanzal wins face-off versus Anton Lander in neutral zone.
9:04 of 3rd period - Wrist shot by Thomas Spelling.
9:04 of 3rd period - Shot Misses the Net.
9:56 of 3rd period - Wrist shot by Max Friberg.
9:56 of 3rd period - Shot Misses the Net.
10:32 of 3rd period - Slapshot by Damon Severson.
10:32 of 3rd period - Deflect By Christian Wolanin.
10:32 of 3rd period - Stopped by Calvin Pickard with a rebound.
10:52 of 3rd period - Wrist shot by Maxime Macenauer.
10:52 of 3rd period - Shot Blocked by Jamie Oleksiak.
11:13 of 3rd period - Wrist shot by Brett Seney.
11:13 of 3rd period - Stopped by Ebbe Siönäs with a rebound.
11:43 of 3rd period - Wrist shot by Robby Fabbri.
11:43 of 3rd period - Stopped by Ebbe Siönäs with a rebound.
12:13 of 3rd period - Slapshot by Ben Hutton.
12:13 of 3rd period - Stopped by Ebbe Siönäs with a rebound.
12:15 of 3rd period - Wrist shot by Ben Hutton.
12:15 of 3rd period - Stopped by Ebbe Siönäs with a rebound.
12:17 of 3rd period - Slapshot by Ben Hutton.
12:17 of 3rd period - Shot Misses the Net.
12:19 of 3rd period - Slapshot by Ben Hutton.
12:19 of 3rd period - Shot Misses the Net.
12:21 of 3rd period - Slapshot by Logan Shaw.
12:21 of 3rd period - Shot Misses the Net.
12:23 of 3rd period - Slapshot by Brandon Carlo.
12:23 of 3rd period - Shot Blocked by Alexandre Grenier.
13:14 of 3rd period - Anton Lander is hit by Alexandre Grenier and loses puck.
13:29 of 3rd period - Damon Severson is hit by Sam Bennett and loses puck.
14:04 of 3rd period - Minor Penalty to Eric Robinson for Hooking.
14:05 of 3rd period - Sebastian Aho wins face-off versus Anton Lander in Wolfes zone.
16:04 of 3rd period - Penalty to Eric Robinson is over, Eric Robinson is back on ice.
16:47 of 3rd period - Wrist shot by Conor Garland.
16:47 of 3rd period - Stopped by Ebbe Siönäs with a rebound.
16:49 of 3rd period - Snap shot by Jonny Brodzinski.
16:49 of 3rd period - Deflect By Brett Seney.
16:49 of 3rd period - Shot Blocked by Matthew Highmore.
16:49 of 3rd period - Puck is out of play.
16:50 of 3rd period - Jonny Brodzinski wins face-off versus Martin Hanzal in Wolfes zone.
16:51 of 3rd period - Wrist shot by Conor Garland.
16:51 of 3rd period - Shot Blocked by Jeffrey Foss.
16:53 of 3rd period - Wrist shot by Christian Wolanin.
16:53 of 3rd period - Stopped by Ebbe Siönäs without a rebound.
16:54 of 3rd period - Anton Lander wins face-off versus Martin Hanzal in Wolfes zone.
17:21 of 3rd period - Snap shot by Sebastian Aho.
17:21 of 3rd period - Shot Misses the Net.
17:23 of 3rd period - Snap shot by Jeffrey Foss.
17:23 of 3rd period - Shot Blocked by Maxime Macenauer.
17:25 of 3rd period - Slapshot by Jeffrey Foss.
17:25 of 3rd period - Shot Misses the Net.
17:33 of 3rd period - Minor Penalty to Darren Dietz for Hooking.
17:34 of 3rd period - Anton Lander wins face-off versus Sebastian Aho in Mulligans zone.
17:39 of 3rd period - Sebastian Aho is hit by Anton Lander.
18:04 of 3rd period - Jamie Oleksiak is hit by Brandon Carlo and loses puck.
18:45 of 3rd period - Michael Stone is hit by Logan Shaw and loses puck.
19:31 of 3rd period - Dalton Thrower is hit by Benn Ferriero and loses puck.
19:33 of 3rd period - Penalty to Darren Dietz is over, Darren Dietz is back on ice.
19:56 of 3rd period - Snap shot by Brett Seney.
19:56 of 3rd period - Stopped by Ebbe Siönäs without a rebound.
19:57 of 3rd period - Sam Bennett wins face-off versus Matthew Highmore in Wolfes zone.
19:58 of 3rd period - Snap shot by Joonas Donskoi.
19:58 of 3rd period - Stopped by Ebbe Siönäs without a rebound.
19:59 of 3rd period - Matthew Highmore wins face-off versus Maxime Macenauer in Wolfes zone.
19:59 of 3rd period - Matthew Highmore is hit by Sam Bennett.
Goals for this period are 2 for Wolfes vs 0 for Mulligans.
Shots for this period are 6 for Wolfes vs 15 for Mulligans.